 Dungeon Crawl Stone Soup version 0.29-a0-23-ga79f92ac9c (webtiles) character file.

Game seed: 5792632157204546425

3708 HallandMoats the Skirmisher (level 10, -9/53 HPs)
             Began as a Vine Stalker Fighter on Jan 30, 2022.
             Was a Believer of the Shining One.
             Killed from afar by a gargoyle (11 damage)
             ... with a stone arrow
             ... on level 8 of the Dungeon.
             The game lasted 00:10:50 (7287 turns).

HallandMoats the Skirmisher (Vine Stalker Fighter)  Turns: 7287, Time: 00:10:51

Health: -9/53      AC: 14    Str: 22    XL:     10   Next: 14%
Magic:  0/15       EV:  9    Int:  8    God:    the Shining One [**....]
Gold:   283        SH: 14    Dex: 15    Spells: 9/9 levels left

rFire   + . .      SeeInvis .   b - +0 broad axe (elec)
rCold   . . .      Faith    .   c - +0 buckler
rNeg    + + .      Spirit   +   d - +1 chain mail {rF+}
rPois   .          Reflect  .   s - +0 helmet
rElec   .          Harm     .   D - +0 cloak
rCorr   .          Rampage  .   w - +0 pair of gloves
Will    +....                   (no boots)
Stlth   ..........              (no amulet)
HPRegen 0.97/turn               z - ring of positive energy
MPRegen 0.14/turn               (no ring)

@: divinely shielded, glowing
A: fangs 3, regeneration 1, magic shield, antimagic bite, no potion heal 2
a: Renounce Religion, Divine Shield


You were on level 8 of the Dungeon.
You worshipped the Shining One.
The Shining One was pleased with you.
You visited 2 branches of the dungeon, and saw 9 of its levels.

You collected 472 gold pieces.
You spent 189 gold pieces at shops.

Inventory:

Hand Weapons
 a - a +0 hand axe of flaming
 b - a +0 broad axe of electrocution (weapon)
 E - the +3 Elemental Staff {rElec rF++ rC++ AC+5}
   (You took it off a deep elf pyromancer on level 8 of the Dungeon)

   If the wielder is skilled in Evocations, they can discharge powerful blasts
   of elemental energy when striking with it.
   It enhances your fire, ice, earth and air magic.
   AC:        It affects your AC (+5).
   rF:        It greatly protects you from fire.
   rC:        It greatly protects you from cold.
   rElec:     It insulates you from electricity.
Armour
 c - a +0 buckler (worn)
 d - a +1 chain mail of fire resistance (worn)
 s - a +0 helmet (worn)
 w - a +0 pair of gloves (worn)
 D - a +0 cloak (worn)
Jewellery
 z - a ring of positive energy (left hand)
 B - a ring of see invisible
Wands
 A - a wand of mindburst (34)
Scrolls
 e - 3 scrolls of fog {unknown}
 i - a scroll of acquirement {unknown}
 j - a scroll of silence {unknown}
 k - 3 scrolls of enchant armour {unknown}
 m - 7 scrolls of teleportation {unknown}
 n - a scroll of magic mapping {unknown}
 o - a scroll of enchant weapon {unknown}
 r - a scroll of blinking {unknown}
 u - 3 scrolls of immolation {unknown}
 y - 2 scrolls of amnesia {unknown}
 C - 7 scrolls of identify {unknown}
Potions
 f - a potion of haste
 g - 2 potions of lignification {unknown}
 h - 6 potions of heal wounds
 l - a potion of berserk rage {unknown}
 p - 2 potions of resistance {unknown}
 q - a potion of ambrosia {unknown}
 t - 3 potions of cancellation {unknown}
 v - a potion of curing
 x - a potion of degeneration {unknown}


   Skills:
 * Level 6.8 Fighting
 * Level 6.4 Axes
 + Level 4.5 Armour
 + Level 3.6 Dodging
 + Level 5.0 Shields
 * Level 6.6 Invocations


You had 9 spell levels left.
You didn't know any spells.
Your spell library contained the following spells:

 Spells                   Type           Power      Damage    Failure   Level
 Magic Dart               Conj           0%         1d3       99%         1
 Sandblast                Erth           0%         2d4       99%         1
 Slow                     Hex            0%         N/A       99%         1
 Call Imp                 Summ           0%         N/A       100%        2
 Passwall                 Tmut/Erth      0%         N/A       100%        2
 Static Discharge         Conj/Air       0%         N/A       100%        2
 Confusing Touch          Hex            0%         N/A       100%        3
 Mephitic Cloud           Conj/Pois/Air  0%         N/A       100%        3
 Stone Arrow              Conj/Erth      0%         3d7       100%        3
 Vampiric Draining        Necr           0%         2d6       100%        3
 Lightning Bolt           Conj/Air       0%         1d11      100%        5
 Maxwell's Capacitive Co  Air            0%         ∞         100%        8


Dungeon Overview and Level Annotations

Branches:
Dungeon (8/15)             Temple (1/1) D:5
   Lair: D:8-11

Altars:
Ashenzari
Cheibriados
Elyvilon
Fedhas
Kikubaaqudgha
Makhleb
Nemelex Xobeh
Okawaru
Qazlal
Ru
Sif Muna
Trog
Uskayaw
Vehumet
Wu Jian
Xom
Zin
The Shining One

Shops:
D:6 (   D:7 (

Annotations:
D:6 1 runed translucent door


Innate Abilities, Weirdness & Mutations

You have razor-sharp teeth.
Your natural rate of healing is unusually fast.
When hurt, damage is shared between your health and your magic reserves.
Your bite disrupts and absorbs the magic of your enemies.
Potions cannot restore your health.


Message History

You open the door.
There is an open door, spattered with blood here.
Things that are here:
a +2 robe; an elf corpse You open the door.
There is an open door here.
A gargoyle comes into view.
It is wielding a +1 morningstar of protection.
The gargoyle closely misses you.
You hit the gargoyle but do no damage.
You bite the gargoyle, but do no damage.
The gargoyle hits you but does no damage.
You hit the gargoyle but do no damage. You block the gargoyle's attack.
You hit the gargoyle but do no damage.
You bite the gargoyle, but do no damage.
The gargoyle hurls a stone arrow at you.
The stone arrow hits you.
The gargoyle hurls a stone arrow at you.
The stone arrow hits you!!
You hit the gargoyle.
The gargoyle is lightly damaged.
The gargoyle hits you with a +1 morningstar of protection!
You hit the gargoyle but do no damage.
You bite the gargoyle, but do no damage.
The gargoyle is lightly damaged.
The gargoyle hits you but does no damage.
The gargoyle closely misses you.
You slash the gargoyle!
You bite the gargoyle, but do no damage.
The gargoyle is severely damaged.
The gargoyle hits you with a +1 morningstar of protection!!
* * * LOW HITPOINT WARNING * * *
Okay, then.
Your shield is strengthened by the Shining One's divine power.
The gargoyle hits you with a +1 morningstar of protection!
* * * LOW HITPOINT WARNING * * *
You have no ailments to cure.
It was a potion of heal wounds.
That seemed strangely inert.
The gargoyle hurls a stone arrow at you.
The stone arrow hits you!
You die...

## ### ## ### ##.##
#### #≈# #+...+#
#≈###. # ≈≈# ##.....##
#≈≈≈##.
≈§§≈§##.......##≈≈≈≈≈#
.
#≈≈§####...[.####≈≈≈#
.. #≈##..#'...'#..##≈#
..# ##...@##.##†...##
..#
##....9###.....##..#
##....###....##..#
+#..##.##..#+..#
####...########
##..§..## ###...###
####.# ## ####


You could see a gargoyle.

Vanquished Creatures
  A deep elf pyromancer (D:8)
  A rime drake (D:8)
  Eustachio (D:6)
  A wyvern (D:8)
  Edmund (D:5)
  A water moccasin (D:7)
  3 sky beasts
  2 phantoms
  5 ogres
  4 centaurs
  A kobold brigand (D:6)
  A bullfrog (D:6)
  4 scorpions
  A water moccasin skeleton (D:4)
  2 hounds
  Crazy Yiuf (D:7)
  A bullfrog skeleton (D:6)
  5 jellies
  An orc priest (D:6)
  A gnoll shaman (D:6)
  A human zombie (D:6)
  A centaur skeleton (D:5)
  Natasha (thrice) (D:4)
  4 iguanas
  4 orc wizards
  Robin (D:3)
  A howler monkey skeleton (D:5)
  3 adders
  9 gnolls
  A shadow imp (D:5)
  2 white imps
  An ufetubus (D:3)
  An adder zombie (D:5)
  An adder skeleton (D:3)
  A worm (D:3)
  22 orcs
  5 endoplasms
  3 giant cockroaches
  16 goblins
  8 hobgoblins
  3 jackals (D:2)
  2 quokkas
  6 ball pythons
  7 bats
  6 frilled lizards (D:2)
  A jackal skeleton (D:6)
  15 kobolds
  4 rats
  9 bushes
179 creatures vanquished.

Vanquished Creatures (others)
  8 plants
8 creatures vanquished.

Grand Total: 187 creatures vanquished

Notes
Turn   | Place    | Note
-------+----------+-------------------------------------------
     0 | D:1      | HallandMoats the Vine Stalker Fighter began the quest for
                  | the Orb.
     0 | D:1      | Reached XP level 1. HP: 11/11 MP: 2/2
   338 | D:1      | Reached XP level 2. HP: 12/16 MP: 1/3
   990 | D:1      | Reached skill level 1 in Invocations
  1268 | D:2      | Reached XP level 3. HP: 16/19 MP: 1/4
  1499 | D:2      | Found a sparkling altar of Nemelex Xobeh.
  1781 | D:2      | Found a faded altar of an unknown god.
  2311 | D:3      | Gained mutation: Your natural rate of healing is unusually
                  | fast. [Vine Stalker growth]
  2311 | D:3      | Reached XP level 4. HP: 19/24 MP: 3/6
  2433 | D:3      | You fall into a shaft and drop 2 floors!
  2433 | D:5      | Entered Level 5 of the Dungeon
  2434 | D:5      | Noticed Edmund
  2442 | D:5      | Killed Edmund
  2443 | D:5      | Reached skill level 1 in Dodging
  2443 | D:5      | Reached XP level 5. HP: 23/28 MP: 5/7
  2458 | D:5      | Found a staircase to the Ecumenical Temple.
  2469 | Temple   | Entered the Ecumenical Temple
  2747 | Temple   | Became a worshipper of the Shining One
  2773 | D:5      | Noticed a phantom
  2787 | D:5      | Killed a phantom
  2788 | D:5      | Reached XP level 6. HP: 27/33 MP: 4/8
  3114 | D:3      | Found an iron altar of Okawaru.
  3157 | D:3      | Found a transporter.
  3164 | D:3      | Found a transporter.
  3187 | D:3      | Noticed Robin
  3195 | D:3      | Reached XP level 7. HP: 37/37 MP: 10/10
  3203 | D:3      | Killed Robin
  3351 | D:3      | Found a sparkling altar of Nemelex Xobeh.
  3401 | D:3      | Found a snail-covered altar of Cheibriados.
  3402 | D:3      | Found a broken altar of Ashenzari.
  3713 | D:3      | Found an ornate altar of the Wu Jian Council.
  3788 | D:3      | Reached * piety under the Shining One
  3893 | D:4      | Noticed Natasha
  3911 | D:4      | Killed Natasha
  4066 | D:4      | Found a sacrificial altar of Ru.
  4127 | D:4      | Gained mutation: You have razor-sharp teeth. [Vine Stalker
                  | growth]
  4127 | D:4      | Reached XP level 8. HP: 42/42 MP: 11/11
  4253 | D:4      | Noticed Natasha
  4258 | D:4      | Killed Natasha
  4340 | D:4      | Noticed Natasha
  4346 | D:4      | Killed Natasha
  4857 | D:5      | Reached skill level 5 in Fighting
  5441 | D:6      | Reached skill level 5 in Axes
  5476 | D:6      | Reached ** piety under the Shining One
  5487 | D:6      | Reached skill level 5 in Invocations
  5494 | D:6      | Reached XP level 9. HP: 41/47 MP: 10/13
  5665 | D:6      | Found Teirhy's Weapon Emporium.
  5721 | D:6      | Noticed Eustachio
  5734 | D:6      | Killed Eustachio
  5825 | D:6      | Found a runed translucent door.
  6361 | D:7      | Found Eboexu's Antique Weapon Shoppe.
  6366 | D:7      | Bought a runed broad axe for 189 gold pieces
  6611 | D:7      | Found a blossoming altar of Fedhas.
  6780 | D:7      | Found a stormy altar of Qazlal.
  6780 | D:7      | Found a hide-covered altar of Uskayaw.
  6944 | D:7      | Found a runed translucent door.
  6945 | D:7      | Noticed Crazy Yiuf
  6951 | D:7      | Killed Crazy Yiuf
  7218 | D:8      | Noticed a rime drake
  7221 | D:8      | Killed a rime drake
  7222 | D:8      | Reached XP level 10. HP: 50/53 MP: 13/15
  7223 | D:8      | Noticed a deep elf pyromancer
  7233 | D:8      | Killed a deep elf pyromancer
  7234 | D:8      | Reached skill level 5 in Shields
  7279 | D:8      | Noticed a gargoyle
  7286 | D:8      | HP: 1/53 [gargoyle (12)]
  7287 | D:8      | Killed from afar by a gargoyle

Illustrated notes

Levels and vault maps discovered:
D:1:      lightli_arrival_flooded_house, layout_basic
D:2:      layout_basic, basic_altar, chequers_ecumenical_altar_twisty,
          lexackson_kobold_supper
D:3:      layout_basic, lemuel_coloured_pillars_altar, lemuel_crystal_altar,
          nemelex_spade_bored_becter, gammafunk_temple_overflow_arena,
          chequers_serial_rivers_large_a, uniq_robin
D:4:      layout_loops_cross, nicolae_ru_great_annihilating_truth, uniq_natasha
D:5:      layout_loops_ring, minmay_temple_entry_glassed_door,
          nicolae_concentric_dashed_squares_wild, roderic_lattice_a,
          minmay_puff, uniq_edmund
D:6:      layout_gridville, dk_yredelemnul_ordeal, serial_shops,
          nicolae_shop_bloodbath_and_beyond, uniq_eustachio
D:7:      layout_loops_ring, fedhas_bush_and_centaur_altar,
          amethyst_overflow_temple_binary, serial_shops, nicolae_square_shop,
          uniq_crazy_yiuf_cottage
D:8:      nicolae_whirlpool, layout_basic, david_lair_generic, nicolae_wwwww,
          minmay_hedge_maze, dilly_guarded_unrand_elemental_staff
Temple:   compressed_dpeg_triangle_lava_temple

Skill      XL: |  1  2  3  4  5  6  7  8  9 10 |
---------------+-------------------------------+-----
Axes           | 2 3 4 5 6 |  6.4
Invocations    | 1 2 3 5 6 |  6.6
Fighting       | 3 4 5 6 |  6.8
Dodging        | 1 2 3 |  3.6
Shields        | 3 4 5 |  5.0
Armour         | 3 4 |  4.5

Action                   |  1- 3 |  4- 6 |  7- 9 | 10-12 || total
-------------------------+-------+-------+-------+-------++-------
Melee: War axe           |    10 |       |       |       ||    10
       Hand axe          |   130 |    72 |   228 |       ||   430
       Bite              |    56 |    23 |   159 |     9 ||   247
       Broad axe         |       |       |   105 |    14 ||   119
Invok: Divine Shield     |       |       |       |     2 ||     2
  Use: Potion            |       |     1 |       |     1 ||     2
Armor: Scale mail        |    36 |    10 |       |       ||    46
       Chain mail        |       |    21 |   156 |     6 ||   183
Dodge: Dodged            |    43 |    22 |   119 |     3 ||   187
Block: Buckler           |    30 |     9 |    57 |     2 ||    98

Table legend: (Time is in decaauts)
 A = Elapsed time spent in this place.
 B = Non-inter-level travel time spent in this place.
 C = Inter-level travel time spent in this place.
 D = Time resting spent in this place.
 E = Time spent auto-exploring this place.
 F = Levels seen in this place.
 G = Mean time per level.
                   A        B        C        D        E       F      G
               +--------+--------+--------+--------+--------+-----+--------+
         Total |   7421 |   7000 |    421 |     71 |   5433 |   9 |  824.6 |
       Dungeon |   7125 |   6722 |    403 |     71 |   5180 |   8 |  890.6 |
        Temple |    296 |    278 |     18 |      0 |    253 |   1 |  296.0 |
               +--------+--------+--------+--------+--------+-----+--------+

Top non-repeatable levels by time:
     D:2: 1270 daAuts
     D:5: 1228 daAuts
     D:1: 1045 daAuts
     D:3: 975 daAuts
     D:6: 871 daAuts
     D:7: 755 daAuts
     D:4: 659 daAuts
     D:8: 319 daAuts
  Temple: 296 daAuts
